[Event "Team 45 45 League T50"]
[Site "Internet Chess Club"]
[Date "2011.08.27"]
[Round "3"]
[White "justice02"]
[Black "Buford-Julep"]
[Result "1/2-1/2"]
[WhiteElo "1796"]
[BlackElo "1694"]
[Opening "English: symmetrical variation"]
[ECO "A30"]
[Time "09:59:59"]
[TimeControl "2700+45"]

1. c4 c5 2. Nf3 Nf6 3. g3 b6 4. Bg2 Bb7 5. O-O e6 6. b3 Be7 7. Bb2 O-O 8. d4
cxd4 9. Qxd4 d5 10. Ne5 Qc7 11. Na3 dxc4 12. Bxb7 Qxb7 13. Naxc4 Rd8 14. Qf4
Nbd7 15. Rfd1 Nxe5 16. Nxe5 Rd5 17. Qf3 Rad8 18. Rxd5 Qxd5 19. Nc6 Qxf3 20. exf3
Rd7 21. Nxe7+ Rxe7 22. Bxf6 gxf6 23. Rc1 Rd7 24. Rc2 f5 25. f4 Kg7 26. Kf1 Kg6
27. Ke2 Kf6 28. Rc6 Kg6 29. a4 Kf6 30. f3 Kg6 31. g4 fxg4 32. fxg4 Kf6 33. h4
Kg7 34. h5 h6 35. a5 bxa5 36. Ra6 Rb7 37. Rxa5 Rxb3 38. Kf2 {Game drawn by
mutual agreement} 1/2-1/2

[Event "Team 45 45 League T50"]
[Site "Internet Chess Club"]
[Date "2011.08.29"]
[Round "3"]
[White "SirIvanhoe"]
[Black "qs16"]
[Result "0-1"]
[WhiteElo "1527"]
[BlackElo "1856"]
[Opening "Sicilian: closed"]
[ECO "B23"]
[Time "14:00:15"]
[TimeControl "2700+45"]

1. e4 c5 2. Nc3 d6 3. g3 Nc6 4. Bg2 Nf6 5. d3 e5 6. Nge2 Bg4 7. h3 Be6 8. Be3
Be7 9. Qd2 Nd4 10. Nd1 O-O 11. c3 Nxe2 12. Qxe2 d5 13. exd5 Bxd5 14. O-O Bxg2
15. Kxg2 Qd5+ 16. Kg1 Rfe8 17. b3 Rad8 18. Nb2 h6 19. Rad1 Bd6 20. Qc2 Qf3 21.
c4 e4 22. d4 Bxg3 23. dxc5 Bc7 24. Rxd8 Rxd8 25. Rd1 Rxd1+ 26. Nxd1 Qxh3 27. Nc3
Bh2+ 28. Kh1 Ng4 29. Nxe4 Qf1# {White checkmated} 0-1

[Event "Team 45 45 League T50"]
[Site "Internet Chess Club"]
[Date "2011.08.25"]
[Round "3"]
[White "vael"]
[Black "jjmolina"]
[Result "1/2-1/2"]
[WhiteElo "1745"]
[BlackElo "1757"]
[Opening "Ponziani: Jaenisch counter-attack"]
[ECO "C44"]
[Time "16:32:01"]
[TimeControl "2700+45"]

1. e4 e5 2. Nf3 Nc6 3. c3 Nf6 4. d3 Be7 5. Be2 O-O 6. O-O d5 7. Qc2 dxe4 8. dxe4
Qe8 9. Nbd2 Bg4 10. h3 Bh5 11. b3 Rd8 12. Re1 a6 13. Bb2 Bc5 14. b4 Ba7 15. b5
axb5 16. Bxb5 Qe6 17. a4 Rfe8 18. a5 Nd7 19. a6 bxa6 20. Rxa6 Bb6 21. Ba3 Ra8
22. Qa4 Rxa6 23. Qxa6 Rd8 24. Qa4 Na7 25. Bc4 Qf6 26. Qc2 Nc5 27. Bxc5 Bxc5 28.
Be2 Nc8 29. Nc4 Bxf3 30. Bxf3 Nd6 31. Nxd6 Rxd6 32. Rd1 Rxd1+ 33. Qxd1 {Game
drawn by mutual agreement} 1/2-1/2

[Event "Team 45 45 League T50"]
[Site "Internet Chess Club"]
[Date "2011.08.27"]
[Round "3"]
[White "frank001"]
[Black "bshribharath"]
[Result "0-1"]
[WhiteElo "1676"]
[BlackElo "1665"]
[Opening "French: Tarrasch"]
[ECO "C03"]
[Time "03:00:22"]
[TimeControl "2700+45"]

1. e4 e6 2. d4 d5 3. Nd2 dxe4 4. Nxe4 Nf6 5. Bf4 Nxe4 6. Nf3 Bd6 7. Bxd6 Qxd6 8.
Bd3 Nf6 9. Qe2 Nc6 10. c3 Bd7 11. g3 O-O 12. O-O-O Ne7 13. Kb1 c5 14. Bc2 Bc6
15. Rhe1 Bxf3 16. Qxf3 Qc6 17. Qf4 Ned5 18. Qe5 c4 19. g4 b5 20. g5 Nd7 21. Qe4
g6 22. Qh4 b4 23. Re4 bxc3 24. Rg1 Rfb8 25. Rg3 Rxb2+ 26. Kc1 Rxc2+ {White
resigns} 0-1

[Event "Team 45 45 League T50"]
[Site "Internet Chess Club"]
[Date "2011.08.28"]
[Round "3"]
[White "elpiratasergio"]
[Black "Ivio"]
[Result "0-1"]
[WhiteElo "1595"]
[BlackElo "1718"]
[Opening "French: exchange variation"]
[ECO "C01"]
[Time "17:00:22"]
[TimeControl "2700+45"]

1. e4 e6 2. d4 d5 3. exd5 exd5 4. Bd3 h6 5. Bf4 Bd6 6. Bxd6 Qxd6 7. c3 Nf6 8.
Ne2 O-O 9. O-O Bg4 10. Qc2 Nbd7 11. Nd2 Rfe8 12. Ng3 c5 13. dxc5 Nxc5 14. Bf5
Bxf5 15. Nxf5 Qf4 16. Nf3 Nce4 17. N5d4 Rac8 18. h3 Ng5 19. Nxg5 hxg5 20. Qc1
Qh4 21. Nf5 Qh5 22. Nd6 g4 23. Nxe8 Rxe8 24. hxg4 Nxg4 25. Qf4 Re4 26. Qb8+ Kh7
27. Qg3 Nf6 28. f3 Rh4 29. Rae1 Qh6 30. Kf2 d4 31. cxd4 Qd2+ 32. Kg1 Qxd4+ 33.
Rf2 Rh6 34. Qe5 Qh4 35. Rff1 Rh5 36. Qd6 Rh6 37. Qd3+ Rg6 38. Rf2 Nh5 39. Re4
Nf4 40. Rd2 Qg3 41. Qc2 f5 42. Re7 Qxf3 43. Rdd7 Nh3+ 44. Kh2 Qg3+ 45. Kh1 Nf2+
46. Qxf2 Qxf2 {White resigns} 0-1

[Event "Team 45 45 League T50"]
[Site "Internet Chess Club"]
[Date "2011.08.27"]
[Round "3"]
[White "achessman"]
[Black "Freitac"]
[Result "1-0"]
[WhiteElo "1956"]
[BlackElo "1915"]
[Opening "Caro-Kann: Panov-Botvinnik, Gunderam attack"]
[ECO "B13"]
[Time "08:01:49"]
[TimeControl "2700+45"]

1. e4 c6 2. d4 d5 3. exd5 cxd5 4. c4 Nf6 5. c5 Nc6 6. Bb5 g6 7. Nc3 Bg7 8. Nge2
O-O 9. Bxc6 bxc6 10. O-O Ba6 11. Re1 Bxe2 12. Qxe2 Re8 13. f4 Nd7 14. Be3 e6 15.
Qa6 Qc8 16. Qa4 Qb7 17. Rab1 Qc7 18. Rec1 Nf6 19. h3 Red8 20. b4 a6 21. Qc2 Nh5
22. Qd2 Bh6 23. Ne2 Nf6 24. Nc3 Nh5 25. Rf1 Ng3 26. Rf3 Ne4 27. Qd3 Nxc3 28.
Qxc3 Rdb8 29. a4 Rb7 30. Bd2 Rab8 31. Qd3 Ra8 32. Kf2 Bg7 33. g3 Qb8 34. Bc3 Qa7
35. g4 Qb8 36. Kg2 Qc7 37. Re1 Rab8 38. Ra1 Ra8 39. f5 exf5 40. gxf5 Qe7 41.
Raf1 gxf5 42. Qxf5 Re8 43. Rf4 Qe3 44. R1f3 Qe2+ 45. Kg3 Re3 46. Qc8+ {Black
resigns} 1-0

[Event "Team 45 45 League T50"]
[Site "Internet Chess Club"]
[Date "2011.08.26"]
[Round "3"]
[White "Sir-Sinister"]
[Black "BigH"]
[Result "1/2-1/2"]
[WhiteElo "1823"]
[BlackElo "1893"]
[Opening "Caro-Kann: Goldman (Spielmann) variation"]
[ECO "B11"]
[Time "15:19:05"]
[TimeControl "2700+45"]

1. Nc3 c6 2. e4 d5 3. Qf3 e6 4. d4 Nf6 5. e5 Nfd7 6. Qg3 c5 7. Nf3 Nc6 8. Be3
cxd4 9. Bxd4 a6 10. Be3 f6 11. exf6 gxf6 12. Bd3 Nde5 13. Nxe5 Nxe5 14. Be2 Kf7
15. Bf4 Ng6 16. Bc7 Qd7 17. Rd1 Rg8 18. O-O b5 19. Bh5 Bb7 20. Bf4 Bc5 21. Ne4
Qc6 22. Nxc5 Qxc5 23. Be3 Qc6 24. Rd3 Rac8 25. Rc3 Qd7 26. Rxc8 Qxc8 27. c3 Ke7
28. Qh3 Rg7 29. Re1 Qc6 30. Bh6 Rg8 31. Be3 d4 32. Bf3 Qxf3 33. Qxh7+ Kd6 34.
gxf3 Ne7+ 35. Qxg8 Nxg8 36. Rd1 Bxf3 37. Rxd4+ Kc6 38. a4 Bd5 39. axb5+ axb5 40.
Rg4 Ne7 41. h4 Nf5 42. h5 Bf3 43. Rg6 Bxh5 44. Rxf6 Kd5 45. Bd4 b4 46. Kg2 bxc3
47. Bxc3 Bg4 48. f3 Bh5 49. Rxf5+ exf5 50. Kg3 Be8 51. Kf4 Bd7 52. Kg5 Ke6 53.
f4 Be8 {Game drawn by mutual agreement} 1/2-1/2

[Event "Team 45 45 League T50"]
[Site "Internet Chess Club"]
[Date "2011.08.27"]
[Round "3"]
[White "Nakke"]
[Black "gwolff"]
[Result "0-1"]
[WhiteElo "1763"]
[BlackElo "1840"]
[Opening "French: Tarrasch, closed variation"]
[ECO "C05"]
[Time "08:06:39"]
[TimeControl "2700+45"]

1. e4 e6 2. d4 d5 3. Nd2 Nf6 4. e5 Nfd7 5. Bd3 c5 6. c3 Nc6 7. Ne2 Qb6 8. Nf3
cxd4 9. cxd4 f6 10. exf6 Nxf6 11. O-O Bd6 12. a3 O-O 13. b4 e5 14. dxe5 Nxe5 15.
Nxe5 Bxe5 16. Be3 Qc7 17. Rc1 Bxh2+ 18. Kh1 Qf7 19. Nd4 Bg4 20. f3 Qh5 21. fxg4
Nxg4 22. Qxg4 Qxg4 23. Kxh2 Rfe8 24. Nf5 Rxe3 25. Nxe3 Qh4+ 26. Kg1 Qd4 27. Rf3
Qxd3 28. Rc7 Qe4 29. Nf5 Qe1+ 30. Rf1 Qe5 31. Rxb7 Kh8 32. Re7 Qf6 33. Rfe1 h5
34. Nxg7 Rg8 35. Ne8 Qb2 36. R1e2 Qxa3 37. R2e6 Qc1+ 38. Kh2 Rg4 39. g3 Rxb4 40.
Nf6 Rb2+ 41. Re2 Rxe2+ 42. Rxe2 Qf1 43. Re8+ Kg7 44. Nxh5+ Kf7 45. Re5 d4 46.
Nf4 d3 47. Rf5+ Kg8 48. Rg5+ Kh7 49. Rh5+ Kg7 50. Rg5+ Kf6 51. Rg6+ Kf5 52. g4+
Ke5 53. Re6+ Kd4 54. Rd6+ Kc5 55. Rf6 Qf2+ 56. Kh3 Qe3+ 57. Kg2 d2 58. Rf5+ Kc4
{White resigns} 0-1

[Event "Team 45 45 League T50"]
[Site "Internet Chess Club"]
[Date "2011.08.29"]
[Round "3"]
[White "quotha"]
[Black "gandre"]
[Result "0-1"]
[WhiteElo "1673"]
[BlackElo "1701"]
[Opening "French defense"]
[ECO "C00"]
[Time "15:00:11"]
[TimeControl "2700+45"]

1. e4 e6 2. Nf3 d5 3. exd5 exd5 4. d4 Nf6 5. h3 Bd6 6. Bd3 O-O 7. O-O h6 8. c3
c6 9. Ne5 Qc7 10. f4 Nbd7 11. Nd2 Re8 12. Ndf3 Qb6 13. Kh1 c5 14. dxc5 Qxc5 15.
Re1 b6 16. Be3 Qc7 17. Bd4 Nh5 18. Ng5 Ng3+ 19. Kh2 hxg5 20. Nxd7 Bxd7 21. Kxg3
Bxf4+ 22. Kf3 Rxe1 23. Qxe1 Re8 24. Qd1 f5 25. Qc2 g4+ 26. Kf2 Bg3+ 27. Kg1 f4
28. Bf5 gxh3 29. gxh3 Rf8 30. Bxd7 Qxd7 31. Kg2 Qe6 32. Rf1 Qe4+ 33. Qxe4 dxe4
34. Rg1 Bh4 35. Kf1 Rf7 36. Rg4 g5 37. a4 e3 38. b4 Rf5 39. c4 Kf7 40. c5 bxc5
41. Bxc5 a6 42. Bd4 Rd5 43. Bxe3 fxe3 44. Ke2 Bf2 45. Rc4 Rd2+ 46. Kf3 Bg1 47.
Re4 Rf2+ 48. Kxe3 Rh2+ 49. Kd3 Rxh3+ 50. Kc4 Rh4 51. Kd5 Rxe4 52. Kxe4 Ke6 53.
b5 axb5 54. axb5 Kf6 55. Kf3 Kf5 56. Kg3 Bb6 57. Kf3 g4+ 58. Kg3 Kg5 {White
resigns} 0-1

[Event "Team 45 45 League T50"]
[Site "Internet Chess Club"]
[Date "2011.08.30"]
[Round "3"]
[White "pishd"]
[Black "JFlamer"]
[Result "1-0"]
[WhiteElo "1765"]
[BlackElo "1718"]
[Opening "Queen's bishop game"]
[ECO "D02"]
[Time "08:16:22"]
[TimeControl "2700+45"]

1. d4 Nf6 2. Nf3 d5 3. Bf4 Bf5 4. c4 e6 5. cxd5 exd5 6. Qb3 Qc8 7. Nc3 c6 8. Rc1
Nbd7 9. Nb5 cxb5 10. Rxc8+ Rxc8 11. e4 Bxe4 12. Bxb5 Be7 13. Ne5 Bf5 14. O-O O-O
15. Nxd7 Nxd7 16. Qxd5 Be6 17. Qxb7 Rfd8 18. Bc7 Rf8 19. a3 Bg5 20. f4 Bf6 21.
Rd1 Bg4 22. Rd2 Rfe8 23. h3 Bf5 24. g4 Be4 25. Bc6 Bxc6 26. Qxc6 Re1+ 27. Kg2
Nb6 28. d5 Re7 29. d6 Rd7 30. a4 Rcxc7 31. dxc7 Rxd2+ 32. Kf3 h6 33. a5 {Black
resigns} 1-0

[Event "Team 45 45 League T50"]
[Site "Internet Chess Club"]
[Date "2011.08.28"]
[Round "3"]
[White "smitty120"]
[Black "losscause"]
[Result "1-0"]
[WhiteElo "1854"]
[BlackElo "1610"]
[Opening "QGD semi-Slav"]
[ECO "D43"]
[Time "20:34:08"]
[TimeControl "2700+45"]

1. Nf3 d5 2. c4 e6 3. d4 Nf6 4. Nc3 c6 5. g3 Bb4 6. Bg2 Bxc3+ 7. bxc3 O-O 8. O-O
Nbd7 9. c5 b6 10. cxb6 axb6 11. a4 c5 12. Bf4 Re8 13. h3 Ba6 14. Re1 Bc4 15. Nd2
b5 16. Nxc4 bxc4 17. e3 Ne4 18. Bxe4 dxe4 19. Qe2 cxd4 20. exd4 e5 21. dxe5 Nxe5
22. Bxe5 Rxe5 23. Qxc4 Qe8 24. Qd4 g6 25. c4 f5 26. c5 Rd8 27. Qc4+ Kg7 28. a5
Rc8 29. Qd4 Rxc5 30. a6 Kg8 31. a7 Rc8 32. a8=Q Rxa8 33. Rxa8 Qxa8 34. Qxe5 Qa3
35. Re3 Qc1+ 36. Kg2 Qd1 37. Qf6 Qh5 38. Rc3 {Black resigns} 1-0

[Event "Team 45 45 League T50"]
[Site "Internet Chess Club"]
[Date "2011.08.28"]
[Round "3"]
[White "fileman"]
[Black "CaoCao"]
[Result "1-0"]
[WhiteElo "1886"]
[BlackElo "1893"]
[Opening "KGA: Kieseritsky, Berlin defense"]
[ECO "C39"]
[Time "09:34:50"]
[TimeControl "2700+45"]

1. e4 e5 2. f4 exf4 3. Nf3 g5 4. h4 g4 5. Ne5 Nf6 6. d4 d6 7. Nd3 Nxe4 8. Bxf4
Qe7 9. Be2 Bg7 10. Nc3 Nxc3 11. bxc3 O-O 12. h5 Re8 13. h6 Bf6 14. Kf1 Kh8 15.
Bxg4 Bxg4 16. Qxg4 Rg8 17. Qf3 Nc6 18. Re1 Qd8 19. Rh5 Rg6 20. Rb1 Qd7 21. Rxb7
Rag8 22. Rh2 Nd8 23. Rxa7 Ne6 24. Ra8 Rxa8 25. Qxa8+ Rg8 26. Qf3 Nxf4 27. Qxf4
Bg5 28. Qf3 Qe6 29. Rh5 Bxh6 30. Qf5 Qxf5+ 31. Rxf5 Kg7 32. Nb4 Ra8 33. Ke2 Kg6
34. g4 Bg7 35. Kd3 Ra3 36. Nd5 Bh6 37. Nxc7 Rxa2 38. Ne8 Bg7 39. Nxd6 Ra6 40.
Ne8 Bh8 41. Nc7 Ra1 42. d5 Bf6 43. Nb5 Rg1 44. Rf4 Be5 45. Re4 f6 46. Nd4 Rg3+
47. Kc4 h5 48. gxh5+ Kxh5 49. Nc6 Rxc3+ 50. Kb5 Rxc2 51. Nxe5 fxe5 52. Rxe5+ Kg6
53. d6 Rd2 54. Kc6 Rc2+ 55. Rc5 Rd2 56. Kc7 Kf7 57. d7 Ke7 58. Re5+ Kf6 59. Re3
Rc2+ 60. Kd8 Kf7 61. Rf3+ Kg7 62. Rf5 Kg6 63. Rf8 Kg7 64. Re8 Kf7 65. Re7+ Kf8
66. Rh7 Rc1 67. Rh4 Rc2 68. Rf4+ Kg7 69. Re4 Kf7 70. Re7+ Kf8 71. Re8+ Kf7 72.
Rh8 Rc1 73. Rh5 Rc2 74. Rf5+ Ke6 75. Ke8 Kxf5 76. d8=Q Re2+ 77. Kf7 Ke4 78. Kf6
Kf3 79. Qd5+ Kf2 80. Qd4+ Kf1 81. Kf5 Rf2+ 82. Ke4 Kg2 83. Qg7+ Kf1 84. Qd4 Kg2
85. Kd5 Kf1 86. Qd1+ Kg2 87. Qg4+ Kf1 88. Qh3+ Kg1 89. Ke4 Re2+ 90. Kd3 Rf2 91.
Qg4+ Rg2 92. Qd1+ Kh2 93. Ke3 Rg3+ 94. Kf4 Rg2 95. Qe1 Rg8 96. Qh4+ Kg1 97. Qe7
Rg2 98. Qe1+ Kh2 99. Kf3 Rg8 100. Qe5+ Kg1 101. Qa1+ {Black resigns} 1-0

[Event "Team 45 45 League T50"]
[Site "Internet Chess Club"]
[Date "2011.08.27"]
[Round "3"]
[White "hewdondada"]
[Black "Plattner"]
[Result "0-1"]
[WhiteElo "1732"]
[BlackElo "1711"]
[Opening "Trompowsky attack (Ruth, Opocenský opening)"]
[ECO "A45"]
[Time "09:11:26"]
[TimeControl "2700+45"]

1. d4 Nf6 2. Bg5 d5 3. Bxf6 gxf6 4. Nf3 Bg7 5. Nc3 f5 6. Qd3 e6 7. g3 O-O 8. h4
c5 9. e3 Nc6 10. a3 c4 11. Qd2 b5 12. Bh3 Rb8 13. g4 fxg4 14. Bxg4 f5 15. Bh5
Qf6 16. Qe2 Bd7 17. O-O-O b4 18. Na4 Nxd4 19. exd4 Bxa4 20. Ne5 bxa3 21. bxa3
Bh6+ 22. Rd2 c3 23. Rg1+ Kh8 24. Nf7+ Rxf7 25. Bxf7 cxd2+ {White resigns} 0-1

[Event "Team 45 45 League T50"]
[Site "Internet Chess Club"]
[Date "2011.08.28"]
[Round "3"]
[White "fireball"]
[Black "RamRock"]
[Result "0-1"]
[WhiteElo "1694"]
[BlackElo "1745"]
[Opening "Caro-Kann: advance variation"]
[ECO "B12"]
[Time "21:00:58"]
[TimeControl "2700+45"]

1. e4 c6 2. d4 d5 3. e5 Bf5 4. g4 Bg6 5. h4 h6 6. c4 e6 7. Qa4 dxc4 8. Qxc4 b5
9. Qc3 Qd5 10. Rh3 Bxb1 11. Rxb1 Qe4+ 12. Ne2 Qxb1 13. Qb3 Qe4 14. Rf3 Bb4+ 15.
Kd1 Qd5 16. Qe3 c5 17. Rf4 Nc6 18. a3 Ba5 19. Nc3 Bxc3 20. Qxc3 a6 21. Qg3 Nxd4
22. Bg2 Qc4 23. Qe3 Rd8 24. Bd2 Qb3+ 25. Qxb3 Nxb3 26. Bc6+ Ke7 {White resigns}
0-1

[Event "Team 45 45 League T50"]
[Site "Internet Chess Club"]
[Date "2011.08.29"]
[Round "3"]
[White "RD1974"]
[Black "hcube"]
[Result "0-1"]
[WhiteElo "1713"]
[BlackElo "1653"]
[Opening "Sicilian: closed"]
[ECO "B24"]
[Time "18:00:07"]
[TimeControl "2700+45"]

1. e4 c5 2. Nc3 Nc6 3. g3 g6 4. Bg2 Bg7 5. d3 Nf6 6. Be3 d6 7. h3 O-O 8. Qd2 Re8
9. Nf3 a6 10. O-O b5 11. Bh6 Bb7 12. Bxg7 Kxg7 13. Ne2 e5 14. c3 d5 15. Ng5 d4
16. f4 h6 17. fxe5 Nxe5 18. cxd4 cxd4 19. Nf3 Nxf3+ 20. Rxf3 Qd6 21. Raf1 Re6
22. Nf4 Re7 23. Qf2 Rd8 24. g4 Nh7 25. h4 Rdd7 26. Bh3 Rc7 27. Ne2 Nf8 28. Nxd4
Bc8 29. h5 Ne6 30. Nxe6+ Bxe6 31. hxg6 fxg6 32. d4 Rf7 33. Qd2 Rxf3 34. Rxf3 Rf7
35. e5 Qc6 36. Rxf7+ Bxf7 37. a3 Qf3 38. Kh2 Bd5 39. Qc1 Qf2+ 40. Bg2 Qxg2#
{White checkmated} 0-1

[Event "Team 45 45 League T50"]
[Site "Internet Chess Club"]
[Date "2011.08.30"]
[Round "3"]
[White "Pacini"]
[Black "Stryker672"]
[Result "1/2-1/2"]
[WhiteElo "2032"]
[BlackElo "1967"]
[Opening "Scotch gambit: Dubois-Réti defense"]
[ECO "C55"]
[Time "20:02:04"]
[TimeControl "2700+45"]

1. e4 e5 2. Nf3 Nc6 3. d4 exd4 4. Bc4 Nf6 5. e5 d5 6. Bb5 Ne4 7. Nxd4 Bc5 8.
Bxc6+ bxc6 9. Be3 Bd7 10. O-O Qe7 11. f3 Nd6 12. f4 O-O 13. Qd3 Ne4 14. Nd2 Nxd2
15. Qxd2 f6 16. exf6 Qxf6 17. Rae1 Rae8 18. c3 Re4 19. b4 Bb6 20. a3 Rfe8 21.
Nc2 Rxf4 22. Bd4 Rxe1 23. Qxe1 Rxf1+ 24. Qxf1 Qxf1+ 25. Kxf1 Bf5 26. Ne1 Kf7 27.
Nf3 Bd3+ 28. Kf2 Ke6 29. a4 a6 30. Ne5 Bc2 31. a5 Bxd4+ 32. cxd4 Ba4 33. Kf3 Kf5
34. g4+ Kg5 35. Kg3 h6 36. Nd7 Kg6 37. Nc5 Bb5 38. Ne6 Kf6 39. Nxc7 g5 {Game
drawn by mutual agreement} 1/2-1/2

[Event "Team 45 45 League T50"]
[Site "Internet Chess Club"]
[Date "2011.08.29"]
[Round "3"]
[White "FourKnights"]
[Black "kabindra"]
[Result "1/2-1/2"]
[WhiteElo "1753"]
[BlackElo "1819"]
[Opening "King's Indian: Makagonov system (5.h3)"]
[ECO "E71"]
[Time "11:12:57"]
[TimeControl "2700+45"]

1. d4 Nf6 2. c4 g6 3. Nc3 Bg7 4. e4 d6 5. h3 O-O 6. Nf3 e5 7. dxe5 dxe5 8. Qxd8
Rxd8 9. Bg5 Re8 10. Nd5 Nxd5 11. cxd5 f6 12. Be3 f5 13. Bd3 fxe4 14. Bxe4 Nd7
15. Rc1 Nf6 16. Nd2 Nxe4 17. Nxe4 Bf5 18. f3 Rec8 19. g4 Bd7 20. Nc5 Bb5 21. a4
Be8 22. b3 Bf7 23. Ne6 Bxe6 24. dxe6 b6 25. Rc6 Bf8 26. Ke2 Bd6 27. Bg5 Re8 28.
e7 Bxe7 29. Bxe7 Rxe7 30. Rhc1 Rc8 31. Ke3 Kf7 32. Ke4 Ke8 33. b4 Kd7 34. b5 Re6
35. Rxe6 Kxe6 36. Rc6+ Kd7 37. Kxe5 a6 38. Rc3 axb5 39. axb5 c6 40. Rd3+ Ke7 41.
bxc6 Rxc6 42. f4 Rc5+ 43. Ke4 Ke6 44. h4 Rc4+ 45. Kf3 b5 46. f5+ gxf5 47. gxf5+
Kxf5 48. Rd5+ Kg6 49. h5+ Kh6 50. Rxb5 Rh4 51. Kg3 Rxh5 52. Rxh5+ Kxh5 53. Kh3
Kg5 54. Kg3 h5 55. Kh3 {Game drawn by mutual agreement} 1/2-1/2

[Event "Team 45 45 League T50"]
[Site "Internet Chess Club"]
[Date "2011.08.27"]
[Round "3"]
[White "Bacon1290"]
[Black "rahulr"]
[Result "0-1"]
[WhiteElo "1766"]
[BlackElo "1600"]
[Opening "Benoni: classical with e4 and Nf3"]
[ECO "A70"]
[Time "18:00:13"]
[TimeControl "2700+45"]

1. d4 Nf6 2. c4 c5 3. d5 e6 4. Nc3 exd5 5. cxd5 d6 6. e4 g6 7. Nf3 Bg7 8. Bd3
O-O 9. O-O Re8 10. Bf4 Na6 11. Nb5 Nxe4 12. Re1 Nf6 13. Qb3 Nc7 14. Nxd6 Rxe1+
15. Rxe1 Nh5 16. Bg5 Qxd6 17. Be7 Qb6 18. Qa4 Nf6 19. d6 Bd7 20. Qc4 Be6 21. Qh4
Ncd5 22. Bc4 Nxe7 23. Bxe6 Qxd6 {White resigns} 0-1

[Event "Team 45 45 League T50"]
[Site "Internet Chess Club"]
[Date "2011.08.30"]
[Round "3"]
[White "Hal2001"]
[Black "PJ"]
[Result "1/2-1/2"]
[WhiteElo "1677"]
[BlackElo "1812"]
[Opening "Scotch gambit: Dubois-Réti defense"]
[ECO "C55"]
[Time "10:06:10"]
[TimeControl "2700+45"]

1. e4 e5 2. Nf3 Nc6 3. d4 exd4 4. Bc4 Nf6 5. e5 d5 6. Bb5 Ne4 7. Nxd4 Bd7 8.
Bxc6 bxc6 9. O-O Bc5 10. c3 O-O 11. f3 Ng5 12. f4 Ne6 13. Be3 Bb6 14. f5 Nxd4
15. cxd4 Qe7 16. f6 gxf6 17. Rxf6 Kh8 18. Qh5 Be6 19. Nd2 Rg8 20. h3 Rg6 21.
Raf1 Rag8 22. Rxg6 fxg6 23. Qf3 Re8 24. Nb3 Kg8 25. Bh6 c5 26. Be3 cxd4 27. Bxd4
Rf8 28. Qxf8+ Qxf8 29. Rxf8+ Kxf8 30. Kf2 Kf7 31. Ke3 Bf5 32. Nc5 h5 33. b4 c6
34. h4 a5 35. a3 axb4 36. axb4 Bd8 37. g3 g5 38. Nb7 Be7 39. Nd6+ Bxd6 40. exd6
gxh4 41. gxh4 Ke6 42. Bc5 Bg4 43. Kf4 Bf5 44. Kg5 Bg4 45. Kf4 {Game drawn by
mutual agreement} 1/2-1/2

[Event "Team 45 45 League T50"]
[Site "Internet Chess Club"]
[Date "2011.08.26"]
[Round "3"]
[White "Gregorio"]
[Black "daniguti"]
[Result "1/2-1/2"]
[WhiteElo "1915"]
[BlackElo "1820"]
[Opening "English: ultra-symmetrical variation"]
[ECO "A36"]
[Time "20:11:39"]
[TimeControl "2700+45"]

1. c4 c5 2. g3 g6 3. Bg2 Bg7 4. Nc3 Nc6 5. h4 h6 6. Nf3 d6 7. e3 e5 8. a3 a5 9.
h5 g5 10. Qc2 Nge7 11. Nd5 Be6 12. Nh2 Rb8 13. d3 b5 14. b3 a4 15. bxa4 Qa5+ 16.
Bd2 Qxa4 17. Nc7+ Kd7 18. Qxa4 bxa4 19. Nxe6 fxe6 20. Bc3 Rb3 21. Kd2 d5 22. Kc2
Rhb8 23. Ra2 d4 24. Bd2 Nf5 25. e4 Nd6 26. Ng4 Ke7 27. f4 Nxc4 28. dxc4 Rxg3 29.
Bh3 d3+ 30. Kc1 Nd4 31. Be1 d2+ 32. Bxd2 Nb3+ 33. Kc2 Nxd2 34. Kxd2 exf4 35. Nf2
Rb2+ 36. Rxb2 Bxb2 37. Rb1 Bxa3 38. Rb7+ Kf8 39. Bxe6 Bb4+ 40. Kc1 a3 41. Ra7
Rg2 42. Ng4 a2 43. Nf6 a1=Q+ 44. Rxa1 Rg1+ 45. Kb2 Rxa1 46. Kxa1 Bc3+ 47. Kb1
Bxf6 48. Bg4 Ke7 49. Kc2 Kd6 50. Kd3 Ke5 51. Bh3 Bd8 52. Bg4 Ba5 53. Bf3 Be1 54.
Bg4 Bf2 55. Ke2 Bg3 {Game drawn by mutual agreement} 1/2-1/2

[Event "Team 45 45 League T50"]
[Site "Internet Chess Club"]
[Date "2011.08.29"]
[Round "3"]
[White "az2112"]
[Black "MeanMrMustard"]
[Result "1-0"]
[WhiteElo "1719"]
[BlackElo "1804"]
[Opening "French: Tarrasch, closed variation, main line"]
[ECO "C06"]
[Time "22:05:59"]
[TimeControl "2700+45"]

1. e4 e6 2. d4 d5 3. Nd2 Nf6 4. e5 Nfd7 5. Bd3 c5 6. c3 Nc6 7. Ne2 cxd4 8. cxd4
f6 9. exf6 Nxf6 10. Nf3 Bd6 11. O-O O-O 12. Bf4 Bxf4 13. Nxf4 Ne4 14. Qc1 Qf6
15. Ne2 Bd7 16. Qe3 Nd6 17. Ne5 Be8 18. Rac1 Nf5 19. Bxf5 Qxf5 20. Ng3 Qf4 21.
Nxc6 Qxe3 22. Ne7+ Kf7 23. fxe3+ Kxe7 24. Rc7+ Bd7 25. Rxb7 Rxf1+ 26. Kxf1 Rc8
27. Rxa7 Rc1+ 28. Ke2 Rc2+ 29. Kf3 Rxb2 30. Nh5 g6 31. Nf4 Rb4 32. Nd3 Ra4 33.
Rb7 Kd6 34. Rxd7+ {Black resigns} 1-0

[Event "Team 45 45 League T50"]
[Site "Internet Chess Club"]
[Date "2011.08.27"]
[Round "3"]
[White "ghostfire"]
[Black "Tamarin"]
[Result "0-1"]
[WhiteElo "1700"]
[BlackElo "1909"]
[Opening "Scotch: Schmidt variation"]
[ECO "C45"]
[Time "21:30:31"]
[TimeControl "2700+45"]

1. e4 e5 2. Nf3 Nc6 3. d4 exd4 4. Nxd4 Nf6 5. Nxc6 bxc6 6. Nc3 Bb4 7. Qf3 Qe7 8.
Bd3 d5 9. O-O Bxc3 10. bxc3 dxe4 11. Bxe4 Nxe4 12. Re1 f5 13. Qd3 Be6 14. a4 O-O
15. Qe3 Rfe8 16. Ba3 Qf6 17. Qf4 Qxc3 18. Qxc7 Qxc2 19. Rxe4 Qxe4 20. Bb2 Bf7
21. h3 Rab8 22. Bc3 Rb1+ 23. Rxb1 Qxb1+ 24. Kh2 Qb8 {White resigns} 0-1

[Event "Team 45 45 League T50"]
[Site "Internet Chess Club"]
[Date "2011.08.28"]
[Round "3"]
[White "Andressa"]
[Black "Frankly"]
[Result "0-1"]
[WhiteElo "1435"]
[BlackElo "1783"]
[Opening "Four knights: Italian variation"]
[ECO "C47"]
[Time "10:04:14"]
[TimeControl "2700+45"]

1. e4 e5 2. Nf3 Nc6 3. Nc3 Nf6 4. Bc4 Nxe4 5. Nxe4 d5 6. Bxd5 Qxd5 7. Nc3 Qd8 8.
d3 Be7 9. O-O O-O 10. h3 b6 11. Re1 f6 12. Be3 Bb7 13. d4 exd4 14. Nxd4 Nxd4 15.
Qxd4 Qxd4 16. Bxd4 Rf7 17. Nb5 c5 18. Be3 a6 19. Nc3 Rd8 20. Rad1 Bc6 21. Bf4
Rd7 22. Rxd7 Bxd7 23. Nd5 Bd8 24. Bd6 Bb5 25. c4 Bd7 26. a3 h6 27. Ne7+ Kh7 28.
b4 cxb4 29. axb4 f5 30. c5 bxc5 31. Bxc5 Bb5 32. Nd5 Bc4 33. Nc3 Bf6 34. Na4 Bb5
35. Nb6 Bc3 36. Re3 Bd2 37. Rg3 Rb7 38. Nd5 f4 39. Ra3 Bc4 40. Nc3 Bc1 41. Ra5
Bd2 42. Ra3 g5 43. f3 Kg6 44. Kf2 Kf7 45. g3 Ke6 46. gxf4 Bxf4 47. Ne4 Be5 48.
Ke3 Bb2 49. Ra5 Rd7 50. Nd2 Bc1 51. Bd4 Bxd2+ 52. Kxd2 Rxd4+ 53. Kc3 Rh4 {White
resigns} 0-1